 Dungeon Crawl Stone Soup version 0.17-a0-1174-ge06b3cc (webtiles) character file.

485 zuul91 the Covered (level 6, 0/51 HPs)
             Began as a Centaur Warper on May 29, 2015.
             Succumbed to a worker ant's poison
             ... on level 4 of the Dungeon.
             The game lasted 01:00:42 (7739 turns).

zuul91 the Covered (Centaur Warper)                 Turns: 7739, Time: 01:00:42

Health: 0/51       AC:  6    Str: 20    XL:     6   Next: 88%
Magic:  8/8        EV:  8    Int: 12    God:
Gold:   118        SH:  0    Dex:  9    Spells: 3 memorised, 1 level left

rFire  . . .     SeeInvis .     v - +2 hand axe (freeze)
rCold  . . .     Clarity  .     w - +0 scale mail
rNeg   . . .     SustAt   .     (no shield)
rPois  .         Gourm    .     (no helmet)
rElec  .         Spirit   .     (no cloak)
rCorr  .         Warding  .     (no gloves)
rMut   .         Stasis   .     (no barding)
MR     .....                    o - amulet of rage
Stlth  ..........               (no ring)
                                (no ring)

@: mighty, lethally poisoned (0 -> -12), very slightly contaminated, very quick,
not resistant to hostile enchantments, extremely unstealthy
A: hooves 3, deformed body, speed 2, tough skin 3
a: Evoke Berserk Rage


You were on level 4 of the Dungeon.
You were not hungry.

You visited 1 branch of the dungeon, and saw 5 of its levels.

You collected 118 gold pieces.

Inventory:

Hand weapons
 k - a +0 club
 p - a +2 hand axe of freezing
 s - a +0 hunting sling
 u - a +0 hunting sling
 v - a +2 hand axe of freezing (weapon)
 y - a +0 spear
 C - a +0 flail
 G - a +0 scythe
Missiles
 e - 36 sling bullets (quivered)
 t - 94 stones
 B - 16 bolts of frost
 I - 4 poisoned arrows
Armour
 b - a +0 leather armour
 h - a +0 ring mail
 i - a +0 robe
 j - a +0 ring mail
 w - a +0 scale mail (worn)
Jewellery
 o - an amulet of rage (around neck)
Magical devices
 x - a wand of enslavement (0)
Scrolls
 d - a scroll of blinking
 r - a scroll of random uselessness
 z - 2 scrolls of identify
 H - a scroll of fog
Potions
 E - a potion of agility {unknown}
Books
 c - a book of Spatial Translocations

   Spells                             Type                      Level
   a - Apportation                    Translocation                1
   b - Blink                          Translocation                2
   c - Shroud of Golubria             Charms/Translocation         2
   d - Portal Projectile              Translocation                3
   e - Teleport Other                 Translocation                3
   f - Passage of Golubria            Translocation                4
Miscellaneous
 D - a plain deck of changes
Comestibles
 g - 2 fruits
 l - a beef jerky
 n - 3 slices of pizza


   Skills:
 + Level 3.1 Fighting
 + Level 1.9(2.4) Axes
 + Level 2.2(2.6) Maces & Flails
 + Level 1.2(1.5) Slings
 + Level 1.8(2.1) Throwing
 + Level 3.3 Armour
 + Level 2.7 Dodging
 + Level 1.8 Spellcasting
 + Level 2.9 Translocations
 + Level 0.1 Evocations


You had one spell level left.
You knew the following spells:

 Your Spells              Type           Power        Failure   Level  Hunger
a - Apportation           Tloc           #.........   28%         1    ##.....
b - Blink                 Tloc           N/A          38%         2    ###....
c - Passage of Golubria   Tloc           N/A          100%        4    #####..


Dungeon Overview and Level Annotations

Branches:
Dungeon (5/15)
 Temple: D:4-7

Altars:

Shops:
D:5 :

Annotations:
D:5 Viceroy's ghost, experienced MiFi


Innate Abilities, Weirdness & Mutations

You have hooves in place of feet.
Armour fits poorly on your strangely shaped body.
You cover ground very quickly.
You have extremely tough skin (AC +3).


Message History

The worker ant bites you but does no damage.
You climb upwards.
You feel sick.
There is a stone staircase leading down here.
You feel sick.
The worker ant bites you but does no damage.
The ogre hits you with a giant club!
* * * LOW HITPOINT WARNING * * *
The worker ant bites you.
* * * LOW HITPOINT WARNING * * *
You are more poisoned.
The worker ant poisons you!
You climb downwards.
* * * LOW HITPOINT WARNING * * *
You feel sick.
There is a stone staircase leading up, spattered with blood here.
Blink to where?
Press: ? - help, Dir - move target cursor You are very lightly contaminated with residual magic.
As you read the scroll of blinking, it crumbles to dust.
You die...

#...# #.# #.#.# ##.#####
#####.#.#######......####
#>............'......'..#
#.###.#.#######......##.## #
#...#.#.#######...>..##..####
####.#.#.#.....................#
#.#.#.##.########........##..#.#
.#.#.#.#.#......@...#'#...#..#.#
#.#.#.##.#.#......#.#.###.#.<..#
.#.#.#...#.....#..#.#.# #.##...##
#a#.#.#.......ยง#..#.#.###......#.
.#.#.#.......Oa..................
#.#.#.#.............#............
.#.#.#......#..^..############..#
#.#.#.#.....'.....'..............
.#.#.#......#.....#############.#


You could see an ogre.

Vanquished Creatures
  Sigmund (D:4)
  A scorpion (D:4)
  Terence (D:3)
  3 worker ants (D:4)
  2 gnolls (D:3)
  6 adders
  An adder zombie (D:4)
  An ooze (D:1)
  2 worms
  8 giant geckos
  An orc (D:3)
  A ball python (D:4)
  10 bats
  11 hobgoblins
  6 jackals
  A giant cockroach (D:3)
  2 giant newts
  14 goblins
  9 kobolds
  6 rats
87 creatures vanquished.

Notes
Turn   | Place    | Note
--------------------------------------------------------------
     0 | D:1      | zuul91 the Centaur Warper began the quest for the Orb.
     0 | D:1      | Reached XP level 1. HP: 17/17 MP: 3/3
   628 | D:1      | Reached XP level 2. HP: 18/24 MP: 4/4
   634 | D:1      | Learned a level 2 spell: Blink
  1537 | D:2      | Reached XP level 3. HP: 27/29 MP: 5/5
  2394 | D:3      | Reached skill level 1 in Armour
  2643 | D:3      | Noticed Terence
  2937 | D:3      | Killed Terence
  2937 | D:3      | Reached XP level 4. HP: 20/37 MP: 6/6
  4015 | D:3      | Reached XP level 5. HP: 23/42 MP: 7/7
  5057 | D:4      | Noticed Sigmund
  5080 | D:4      | Killed Sigmund
  5080 | D:4      | Reached skill level 3 in Fighting
  5080 | D:4      | Reached skill level 1 in Axes
  5080 | D:4      | Reached XP level 6. HP: 19/51 MP: 8/8
  5742 | D:4      | Reached skill level 1 in Slings
  6328 | D:5      | Entered Level 5 of the Dungeon
  6330 | D:5      | Found Dikuigig's Book Emporium.
  6414 | D:5      | HP: 2/51 [poisoned by a scorpion]
  6420 | D:5      | HP: 2/51 [poisoned by a scorpion]
  6426 | D:5      | HP: 2/51 [poisoned by a scorpion]
  6761 | D:5      | Noticed Viceroy's ghost (experienced MiFi)
  6904 | D:4      | Learned a level 4 spell: Passage of Golubria
  7737 | D:3      | HP: 2/51 [worker ant (5)]
  7739 | D:4      | Succumbed to a worker ant's poison

Vault maps used:
D:1:      minmay_arrival_semitransparent, serial_bayou_ford_a
D:3:      first_bread, amalloy_card_club, uniq_terence
D:4:      minivault_23, uniq_sigmund
D:5:      grunt_temple_overflow_lords_of_destruction, xom_butterflies,
          serial_shops, shop

Action                   |  1- 3 |  4- 6 || total
-------------------------+-------+-------++-------
Melee: Mace              |   156 |     3 ||   159
       Hand axe          |       |   163 ||   163
 Fire: Hunting sling     |     6 |    15 ||    21
Throw: Tomahawk          |     5 |       ||     5
 Cast: Apportation       |     1 |       ||     1
Evoke: Wand              |       |     4 ||     4
  Use: Scroll            |     4 |    10 ||    14
       Potion            |     2 |     1 ||     3
  Eat: Bread ration      |     1 |     4 ||     5
